[Event "10th Iberoamericano-ch 2024"]
[Site "Linares"]
[Date "2024.09.27"]
[Round "4.12"]
[White "Moral Garcia, Serafin"]
[Black "Fier, Alexandr"]
[Result "0-1"]
[ECO "A10"]
[WhiteElo "2262"]
[BlackElo "2551"]
[Annotator "TA"]
[PlyCount "84"]
[EventDate "2024.09.25"]
[EventType "swiss"]
[EventCountry "ESP"]
[SourceTitle "playchess.com"]
[Source "ChessBase"]
[SourceQuality "1"]
[TimeControl "5400+30"]

1. c4 b6 2. e4 e6 3. Nc3 Bb7 4. Nge2 Nf6 5. d3 d5 6. cxd5 exd5 7. e5 Nfd7 8. d4 {[%emt 0:00:07] White is slightly better.} c5 9. f4 Na6 10. g3 Nc7 11. Bg2 f5 (11... Be7 $14) 12. dxc5 ({Better is} 12. O-O $16) 12... Nxc5 (12... Bxc5 $14 {is more appropriate.} 13. Nd4 (13. Bxd5 Nxd5 14. Nxd5 O-O $17) (13. Nxd5 Bxd5 14. Bxd5 Nxe5 $11) 13... Bxd4 14. Qxd4 Nc5) 13. Nd4 Ba6 14. Bf1 {[%emt 0:10:34] Against Nd3+} (14. Nxf5 Qd7 15. Nd4 (15. Nxd5 $2 {too greedy.} Nd3+ 16. Kd2 Nxd5 $19) 15... Nd3+ 16. Kd2 Bc5 $17) 14... Bxf1 15. Kxf1 g6 16. Be3 {[%emt 0:01:02] b4 is the strong threat.} (16. Kg2 {feels hotter.} Ne4 17. Be3 Bc5 18. Qa4+) 16... Qd7 17. Kg2 Be7 18. Qe2 O-O 19. Rac1 Rac8 20. Rhd1 Rfd8 21. b4 N5e6 22. a3 a5 23. Nxe6 (23. Qf2 {is interesting.} axb4 24. axb4 Bxb4 25. Nxe6 Qxe6 26. Bxb6 Re8 27. Na2) 23... Qxe6 24. Nb5 Nxb5 25. Qxb5 Rxc1 26. Bxc1 ({White should try} 26. Rxc1 $16 d4 27. Bxd4) 26... axb4 $11 27. axb4 d4 {[%emt 0:00:03] Repels Be3} 28. Rd2 {[%emt 0:03:43] Inhibits Qa2.} Qb3 {[%emt 0:02:46] Hoping for ...Qc3.} 29. Qd3 {[%emt 0:09:52] [#] This costs White the game.} (29. Rd3 $11 {and White has nothing to worry.} Qxb4 30. Qc6) 29... Qxd3 $1 $19 ({Don't play} 29... Qxb4 30. Bb2 $17) 30. Rxd3 Bxb4 {[%emt 0:00:07][%mdl 4096] Endgame. KRB-KRB} 31. Kf3 Kf7 32. g4 (32. Bb2 $142) 32... Ke6 33. h3 (33. gxf5+ $142 gxf5 (33... Kxf5 $2 34. h4 $19) 34. Rd1) 33... Kd5 34. Rd1 Ra8 35. gxf5 gxf5 36. Bb2 Bc5 37. e6 Re8 (37... Kxe6 $2 38. Bxd4 Bxd4 39. Rxd4 $19) 38. Rg1 Rxe6 {[%emt 0:00:07] [#] ...Re3+ would now be deadly.} 39. Rg7 Re3+ {[%emt 0:00:12] Black mates.} 40. Kf2 d3 41. Kf1 d2 42. Rd7+ Bd6 {[%emt 0:00:05] Weighted Error Value: White=0.70/Black=0.09 (flawless) .  Loses game:     	White=1     	---        Mistake:       	White=4     	Black=2      Inaccurate:     	White=5     	Black=1      OK:         	White=8     	Black=15     Best:        	White=1     	Black=3      Strong:       	---       	Black=1} 0-1

[Event "10th Iberoamericano-ch 2024"]
[Site "Linares"]
[Date "2024.09.27"]
[Round "4.13"]
[White "Zambrana, Osvaldo"]
[Black "Escalona Landi, Samid Eduardo"]
[Result "1/2-1/2"]
[ECO "B67"]
[WhiteElo "2405"]
[BlackElo "2305"]
[Annotator "RC"]
[PlyCount "107"]
[EventDate "2024.09.25"]
[EventType "swiss"]
[EventCountry "ESP"]
[SourceTitle "playchess.com"]
[Source "ChessBase"]
[SourceQuality "1"]
[TimeControl "5400+30"]

1. e4 c5 2. Nf3 Nc6 3. d4 cxd4 4. Nxd4 Nf6 5. Nc3 d6 6. Bg5 e6 7. Qd2 a6 8. O-O-O Bd7 9. f4 b5 10. Bxf6 gxf6 11. Kb1 Qb6 12. Nxc6 Bxc6 13. f5 b4 14. Ne2 e5 15. Ng3 h5 16. h4 Qc5 17. Bd3 Bh6 18. Qe2 Qe3 19. Rh3 Qxe2 20. Bxe2 Ke7 21. Bf3 Rac8 22. Nxh5 Ba4 23. b3 Bb5 24. g4 Rc3 25. Nxf6 Kxf6 26. g5+ Ke7 27. f6+ Kd8 28. gxh6 Rxh6 29. h5 Kc7 30. Rdh1 Bd7 31. Rg3 d5 32. Rh4 dxe4 33. Rxe4 Bc6 34. Rc4 Rxc4 35. bxc4 e4 36. Be2 Rxf6 37. c5 Bb5 38. Bxb5 axb5 39. Kc1 Kc6 40. Kd2 Rf2+ 41. Ke3 Rxc2 42. Kxe4 Rxa2 43. Rh3 Ra3 44. Rh1 Kxc5 45. h6 Ra8 46. h7 Rh8 47. Kd3 b3 48. Kc3 Kd5 49. Kxb3 f5 50. Rh4 Ke5 51. Kc3 Kf6 52. Kd4 b4 53. Ke3 b3 54. Kf4 1/2-1/2

[Event "10th Iberoamericano-ch 2024"]
[Site "Linares"]
[Date "2024.09.27"]
[Round "4.14"]
[White "Masague Artero, Guerau"]
[Black "Matamoros Franco, Carlos S."]
[Result "1/2-1/2"]
[ECO "A55"]
[WhiteElo "2251"]
[BlackElo "2404"]
[Annotator "RC"]
[PlyCount "67"]
[EventDate "2024.09.25"]
[EventType "swiss"]
[EventCountry "ESP"]
[SourceTitle "playchess.com"]
[Source "ChessBase"]
[SourceQuality "1"]
[TimeControl "5400+30"]

1. d4 d6 2. Nf3 Nf6 3. c4 Nbd7 4. Nc3 e5 5. e4 Be7 6. Be2 c6 7. O-O Qc7 8. Re1 Nf8 9. Bf1 Ng6 10. Rb1 O-O 11. d5 Bd7 12. Bd2 Rac8 13. b4 cxd5 14. cxd5 Qb8 15. a4 Bd8 16. a5 h6 17. g3 b5 18. Rc1 a6 19. h3 Qb7 20. Nh2 Bc7 21. Qf3 Nh7 22. Bd3 Ne7 23. g4 Ng6 24. Qg3 Bd8 25. Ne2 Bh4 26. Qg2 Rxc1 27. Rxc1 Rc8 28. Nf3 Ng5 29. Nxg5 Bxg5 30. Bxg5 hxg5 31. Qf1 Nh4 32. Kh2 Rf8 33. Rc2 Qa7 34. Kg3 1/2-1/2

[Event "10th Iberoamericano-ch 2024"]
[Site "Linares"]
[Date "2024.09.27"]
[Round "4.15"]
[White "Goncalves, Samuel Jesus P"]
[Black "Labiano Hernandez, Juan"]
[Result "1/2-1/2"]
[ECO "B10"]
[WhiteElo "2169"]
[BlackElo "2398"]
[Annotator "RC"]
[PlyCount "82"]
[EventDate "2024.09.25"]
[EventType "swiss"]
[EventCountry "ESP"]
[SourceTitle "playchess.com"]
[Source "ChessBase"]
[SourceQuality "1"]
[TimeControl "5400+30"]

1. e4 c6 2. Nf3 d5 3. d3 g6 4. e5 c5 5. d4 Nc6 6. dxc5 Bg7 7. Bb5 Bg4 8. O-O Bxe5 9. Re1 Bg7 10. Nc3 Nf6 11. Bg5 e6 12. Bxf6 Bxf6 13. Nxd5 Bxb2 14. Rb1 Bg7 15. h3 Bxf3 16. Qxf3 O-O 17. Bxc6 bxc6 18. Nb4 Qa5 19. Qe3 Qa4 20. Qb3 Qb5 21. Nd3 Qa5 22. Re4 Rfd8 23. Qa4 Qd2 24. Rf4 e5 25. Re4 Rab8 26. Rbe1 Rb5 27. Qxa7 Qxc2 28. Nxe5 Bxe5 29. Rxe5 Rb2 30. R5e2 Qxe2 31. Rxe2 Rxe2 32. a4 Ree8 33. Qb7 Ra8 34. Qxc6 Rec8 35. Qd6 Rxa4 36. Qd7 Raa8 37. c6 Rd8 38. Qb7 Rdb8 39. Qd7 Rd8 40. Qb7 Rdb8 41. Qd7 Rd8 1/2-1/2

[Event "10th Iberoamericano-ch 2024"]
[Site "Linares"]
[Date "2024.09.27"]
[Round "4.16"]
[White "Horcajuelo Rocamora, Martin"]
[Black "Giron, Jorge Ernesto"]
[Result "1-0"]
[ECO "A67"]
[WhiteElo "2394"]
[BlackElo "2276"]
[Annotator "RC"]
[PlyCount "105"]
[EventDate "2024.09.25"]
[EventType "swiss"]
[EventCountry "ESP"]
[SourceTitle "playchess.com"]
[Source "ChessBase"]
[SourceQuality "1"]
[TimeControl "5400+30"]

1. d4 Nf6 2. c4 c5 3. d5 e6 4. Nc3 exd5 5. cxd5 d6 6. e4 g6 7. f4 Bg7 8. Bb5+ Nfd7 9. a4 O-O 10. Nf3 Na6 11. O-O Nb4 12. Be3 a6 13. Be2 Re8 14. Bf2 f5 15. e5 dxe5 16. d6 exf4 17. Re1 h6 18. Nd5 Nxd5 19. Qxd5+ Kh7 20. Bh4 Nf6 21. Bxf6 Qxf6 22. d7 Bxd7 23. Qxd7 Re7 24. Qd5 Rae8 25. Bc4 Rxe1+ 26. Rxe1 Rxe1+ 27. Nxe1 Qd4+ 28. Kf1 Qxd5 29. Bxd5 b5 30. b3 bxa4 31. bxa4 Be5 32. Ke2 g5 33. h3 Kg6 34. Kd3 g4 35. hxg4 fxg4 36. Ke4 Bd6 37. Bc4 a5 38. Kd5 Bc7 39. Nd3 Kf5 40. Nxc5 f3 41. gxf3 gxf3 42. Bf1 h5 43. Ne6 Bb6 44. Bh3+ Kf6 45. Ke4 f2 46. Nf4 Kg5 47. Kf3 Kh6 48. Bf1 Kg5 49. Nh3+ Kf6 50. Nxf2 Bc7 51. Ne4+ Kg6 52. Bh3 Be5 53. Ke3 1-0

[Event "10th Iberoamericano-ch 2024"]
[Site "Linares"]
[Date "2024.09.27"]
[Round "4.17"]
[White "Rocha, Maximiliano"]
[Black "Leiva, Gianmarco"]
[Result "0-1"]
[ECO "C77"]
[WhiteElo "2156"]
[BlackElo "2389"]
[Annotator "RC"]
[PlyCount "54"]
[EventDate "2024.09.25"]
[EventType "swiss"]
[EventCountry "ESP"]
[SourceTitle "playchess.com"]
[Source "ChessBase"]
[SourceQuality "1"]
[TimeControl "5400+30"]

1. e4 e5 2. Nf3 Nc6 3. Bb5 a6 4. Ba4 Nf6 5. d4 exd4 6. O-O Be7 7. e5 Ne4 8. Nxd4 Nxd4 9. Qxd4 Nc5 10. Rd1 O-O 11. Nc3 d6 12. Be3 Be6 13. Ne4 Nxe4 14. Qxe4 d5 15. Qf3 c6 16. c3 f6 17. Qg3 fxe5 18. Qxe5 Bg4 19. Rd2 Bd6 20. Qd4 Bf5 21. Bb3 Kh8 22. Bc2 Qc7 23. Qh4 Rae8 24. Rad1 Bxc2 25. Rxc2 Re4 26. Qh3 Qe7 27. Rcc1 Rh4 0-1

[Event "10th Iberoamericano-ch 2024"]
[Site "Linares"]
[Date "2024.09.27"]
[Round "4.18"]
[White "Perea Fruet, Lorenzo"]
[Black "Mingarro Carceller, Sergi"]
[Result "1-0"]
[ECO "B50"]
[WhiteElo "2389"]
[BlackElo "2273"]
[Annotator "RC"]
[PlyCount "115"]
[EventDate "2024.09.25"]
[EventType "swiss"]
[EventCountry "ESP"]
[SourceTitle "playchess.com"]
[Source "ChessBase"]
[SourceQuality "1"]
[TimeControl "5400+30"]

1. e4 c5 2. Nf3 d6 3. c3 Nf6 4. Be2 g6 5. O-O Bg7 6. Bb5+ Nc6 7. Re1 O-O 8. h3 Qb6 9. Ba4 e5 10. Na3 h6 11. d3 Be6 12. Bb3 d5 13. exd5 Nxd5 14. Nc4 Qc7 15. Qc2 Rad8 16. Be3 b6 17. Rad1 Rd7 18. Qc1 Kh7 19. Ba4 Nde7 20. Bb3 Rfd8 21. Qb1 Bf5 22. Bc2 Rd5 23. Bc1 Be6 24. a4 Nf5 25. h4 Qe7 26. h5 Nh4 27. Nxh4 Qxh4 28. hxg6+ fxg6 29. Ne3 R5d7 30. d4 exd4 31. Bxg6+ Kh8 32. Nf5 Qf6 33. Ng3 d3 34. Bxd3 Bb3 35. Ne4 Qh4 36. Rd2 Ne5 37. Be2 Bxa4 38. Rxd7 Rxd7 39. Ng3 Rf7 40. Qe4 Qxe4 41. Nxe4 Bf8 42. f4 Nd7 43. Bf3 Bc6 44. Nd6 Bxd6 45. Bxc6 Nf8 46. g3 Re7 47. Rd1 Bc7 48. Kf2 Kg7 49. b4 Ne6 50. Be3 cxb4 51. cxb4 a5 52. b5 Nc5 53. Kf3 h5 54. Rd5 Kg6 55. Bxc5 bxc5 56. Rxc5 Bb6 57. Be4+ Rxe4 58. Rg5+ 1-0

[Event "10th Iberoamericano-ch 2024"]
[Site "Linares"]
[Date "2024.09.27"]
[Round "4.19"]
[White "Garcia, Jhoel"]
[Black "Palma Villanueva, Miguel Tadeo"]
[Result "0-1"]
[ECO "D78"]
[WhiteElo "2360"]
[BlackElo "2266"]
[Annotator "RC"]
[PlyCount "41"]
[EventDate "2024.09.25"]
[EventType "swiss"]
[EventCountry "ESP"]
[SourceTitle "playchess.com"]
[Source "ChessBase"]
[SourceQuality "1"]
[TimeControl "5400+30"]

1. d4 g6 2. Nf3 Bg7 3. g3 Nf6 4. Bg2 d5 5. c4 c6 6. O-O O-O 7. b3 dxc4 8. bxc4 c5 9. e3 Nc6 10. Bb2 Qb6 11. Qc1 Ne4 12. Ne5 f5 13. Nxc6 bxc6 14. Nc3 Rb8 15. Rb1 Nxc3 16. Qxc3 Be6 17. Qc2 Qa6 18. Rfc1 Qxa2 19. Bxc6 cxd4 20. Bb5 d3 21. Qd2 0-1

[Event "10th Iberoamericano-ch 2024"]
[Site "Linares"]
[Date "2024.09.27"]
[Round "4.20"]
[White "Garcia Fernandez, Victor"]
[Black "Sicilia Laino, Juan Diego"]
[Result "1-0"]
[ECO "D30"]
[WhiteElo "2353"]
[BlackElo "2090"]
[Annotator "RC"]
[PlyCount "39"]
[EventDate "2024.09.25"]
[EventType "swiss"]
[EventCountry "ESP"]
[SourceTitle "playchess.com"]
[Source "ChessBase"]
[SourceQuality "1"]
[TimeControl "5400+30"]

1. d4 d5 2. c4 e6 3. Bf4 Nf6 4. cxd5 Nxd5 5. Bg3 Bb4+ 6. Nd2 O-O 7. a3 Ba5 8. Ngf3 f5 9. e3 f4 10. Bh4 Qe8 11. e4 Ne3 12. fxe3 fxe3 13. b4 exd2+ 14. Qxd2 Bb6 15. Bc4 Kh8 16. O-O e5 17. Nxe5 Nc6 18. Rxf8+ Qxf8 19. Nf7+ Kg8 20. Rf1 1-0

[Event "10th Iberoamericano-ch 2024"]
[Site "Linares"]
[Date "2024.09.27"]
[Round "4.21"]
[White "Jodorcovsky Werjivker, Paulo"]
[Black "Jimenez Garcia, Emmanuel"]
[Result "0-1"]
[ECO "A47"]
[WhiteElo "2092"]
[BlackElo "2352"]
[Annotator "RC"]
[PlyCount "46"]
[EventDate "2024.09.25"]
[EventType "swiss"]
[EventCountry "ESP"]
[SourceTitle "playchess.com"]
[Source "ChessBase"]
[SourceQuality "1"]
[TimeControl "5400+30"]

1. d4 Nf6 2. Nf3 b6 3. g3 Bb7 4. Bg2 c5 5. c3 e6 6. O-O Be7 7. Nbd2 O-O 8. a4 Nc6 9. dxc5 bxc5 10. e4 d5 11. exd5 exd5 12. Re1 Re8 13. Nb3 a5 14. Be3 Qb6 15. Nh4 Bf8 16. Nd2 Ne5 17. Qb3 Qa7 18. c4 Ba6 19. cxd5 Nd3 20. Reb1 Rxe3 21. fxe3 c4 22. Nxc4 Bxc4 23. Qc2 Qxe3+ 0-1

[Event "10th Iberoamericano-ch 2024"]
[Site "Linares"]
[Date "2024.09.27"]
[Round "4.22"]
[White "Lorente Serrano, Rosa Adela"]
[Black "Vitier Vazquez, Cristian"]
[Result "1-0"]
[ECO "B21"]
[WhiteElo "2087"]
[BlackElo "2344"]
[Annotator "RC"]
[PlyCount "51"]
[EventDate "2024.09.25"]
[EventType "swiss"]
[EventCountry "ESP"]
[SourceTitle "playchess.com"]
[Source "ChessBase"]
[SourceQuality "1"]
[TimeControl "5400+30"]

1. e4 c5 2. d4 cxd4 3. Qxd4 Nc6 4. Qd3 Nf6 5. Nc3 g6 6. Nf3 Bg7 7. Be2 O-O 8. O-O d6 9. Nd5 Be6 10. c3 Nd7 11. Bg5 h6 12. Be3 Rc8 13. Rad1 Qa5 14. Qd2 Kh7 15. h4 Qa4 16. h5 Qxe4 17. Nf4 Bc4 18. Bxc4 Qxc4 19. Qc2 Nde5 20. Nh4 Bf6 21. hxg6+ Kh8 22. b3 Qb5 23. c4 Nb4 24. Qe2 Qd7 25. Qh5 Qg4 26. Qxh6+ 1-0

[Event "10th Iberoamericano-ch 2024"]
[Site "Linares"]
[Date "2024.09.27"]
[Round "4.23"]
[White "Teran Alvarez, Ismael"]
[Black "Gavarrete, Joel"]
[Result "1/2-1/2"]
[ECO "C49"]
[WhiteElo "2329"]
[BlackElo "2059"]
[Annotator "RC"]
[PlyCount "59"]
[EventDate "2024.09.25"]
[EventType "swiss"]
[EventCountry "ESP"]
[SourceTitle "playchess.com"]
[Source "ChessBase"]
[SourceQuality "1"]
[TimeControl "5400+30"]

1. e4 e5 2. Nf3 Nf6 3. Nc3 Nc6 4. Bb5 Bb4 5. O-O O-O 6. d3 d6 7. Bg5 Bxc3 8. bxc3 h6 9. Bh4 a6 10. Bxc6 bxc6 11. d4 Qe7 12. Re1 Bg4 13. Qd3 Bxf3 14. Qxf3 Qe6 15. Bxf6 Qxf6 16. Qxf6 gxf6 17. Rab1 Rfb8 18. Rb3 Rb5 19. Reb1 Rab8 20. Kf1 Kg7 21. Ke2 Kg6 22. Ke3 f5 23. dxe5 dxe5 24. Rd1 fxe4 25. Kxe4 f5+ 26. Ke3 Rf8 27. Rd7 Rf7 28. Rd8 Ra5 29. a3 Rc5 30. Rg8+ 1/2-1/2

[Event "10th Iberoamericano-ch 2024"]
[Site "Linares"]
[Date "2024.09.27"]
[Round "4.24"]
[White "Ruiz Buendia, Miguel"]
[Black "Henriquez Villagra, Cristobal"]
[Result "0-1"]
[ECO "B31"]
[WhiteElo "2269"]
[BlackElo "2604"]
[Annotator "TA"]
[PlyCount "74"]
[EventDate "2024.09.25"]
[EventType "swiss"]
[EventCountry "ESP"]
[SourceTitle "playchess.com"]
[Source "ChessBase"]
[SourceQuality "1"]
[TimeControl "5400+30"]

1. e4 c5 2. Nf3 Nc6 3. Bb5 g6 4. Bxc6 dxc6 5. d3 Bg7 6. O-O Nf6 7. h3 Nd7 8. Nc3 e5 9. Be3 Qe7 10. Qd2 Nf8 11. Ne2 Ne6 12. c3 O-O {[%emt 0:08:24] The position is equal.} 13. Ng5 Rd8 14. Rad1 b6 15. Nxe6 Bxe6 16. Qc2 Rd7 (16... Bxa2 $2 17. b3 $18) 17. f4 exf4 (17... Bxa2 18. b3 $16) 18. Nxf4 Rad8 (18... Bxa2 $2 19. b3 $18) 19. a4 Rd6 (19... c4 $5 20. d4 Bf5 $14) 20. a5 Be5 21. axb6 axb6 22. b4 cxb4 23. Bxb6 (23. cxb4 $11 Qd7 24. Bxb6 Bxf4 25. Rxf4 Rxd3 26. Rxd3 Qxd3 27. Rf2 (27. Qxc6 Rc8 $11) 27... Qd1+ 28. Kh2 Qd6+ 29. Kg1 Qd1+ 30. Kh2 Qd6+ 31. Kg1 Qd1+) 23... b3 24. Qd2 (24. Bxd8 {simplifies} bxc2 25. Bxe7 cxd1=R 26. Rxd1 Bxf4 27. Bxd6 Bxd6 28. Ra1) 24... Ra8 {[%emt 0:06:03] ...Ra2 is the strong threat.} 25. Nxe6 (25. d4 $15) 25... Rxe6 $17 26. d4 Ra2 $36 {[%emt 0:04:49][%mdl 2048] Black is in control.} 27. Qe3 Bd6 {[%emt 0:05:19] Black is much more active.} 28. e5 {[%emt 0:00:36] [#]} Qb7 $1 29. Qf3 (29. c4 $17 Qxb6 30. Qf4 (30. c5 $2 Bxc5 31. dxc5 Qb8 $19)) 29... Bxe5 $19 (29... Qxb6 30. Qxf7+ (30. exd6 Qb7 $17) 30... Kh8 31. exd6 (31. Qxe6 Ra8 32. exd6 Qd8 33. Rf7 Qg5 34. d7 Rf8 35. Qe8 Qe3+ 36. Qxe3 Rxf7) 31... Qd8 32. Qxe6 Kg7 33. d7 (33. Qxb3 Ra7 $18) 33... Ra8 34. Rf7+ (34. Qxc6 h5 $18) 34... Kh6 35. Qe3+ (35. Qxb3 Qg5 $18) 35... Qg5 36. Rxh7+ (36. Qxg5+ Kxg5 37. Rb1 Kh5 $18) 36... Kxh7 37. Qxg5) 30. Rb1 $2 (30. dxe5 Qxb6+ 31. Kh1) 30... Rf6 ({Not} 30... Qxb6 31. Qxf7+ Kh8 32. Qf8#) 31. Qe3 {[%emt 0:00:50] [#]} c5 $1 32. Qg5 (32. Rf3 Rxf3) 32... h6 {[%emt 0:01:53] Black mates.} 33. Qg4 h5 34. Qg5 Bf4 35. Rxf4 Rxf4 ({Worse is} 35... Rxb6 36. Rbf1 Kg7 37. dxc5 $11) 36. d5 Rff2 37. Qd8+ Kh7 {[%emt 0:00:12] Weighted Error Value: White=0.75/Black=0.20 (precise) .  Mistake:       	White=4     	---        Inaccurate:     	White=4     	Black=3      OK:         	White=7     	Black=6      Best:        	White=1     	Black=3      Strong:       	---       	Black=1} 0-1

[Event "10th Iberoamericano-ch 2024"]
[Site "Linares"]
[Date "2024.09.27"]
[Round "4.25"]
[White "Veiga, Jose Francisco R P N"]
[Black "Garzon Zapatanga, Christopher Leonel"]
[Result "1-0"]
[ECO "B23"]
[WhiteElo "2404"]
[BlackElo "2216"]
[Annotator "RC"]
[PlyCount "172"]
[EventDate "2024.09.25"]
[EventType "swiss"]
[EventCountry "ESP"]
[SourceTitle "playchess.com"]
[Source "ChessBase"]
[SourceQuality "1"]
[TimeControl "5400+30"]

1. e4 c5 2. Nc3 Nc6 3. Nf3 g6 4. Bb5 Bg7 5. O-O Nd4 6. Bc4 e6 7. Nxd4 cxd4 8. Nb5 Qb6 9. c3 d5 10. exd5 exd5 11. Qe2+ Ne7 12. Bb3 Be6 13. Nxd4 Bxd4 14. Ba4+ Nc6 15. cxd4 O-O 16. Bxc6 Qxc6 17. d3 Rfe8 18. Be3 Qa6 19. g4 Bd7 20. h3 f5 21. Qf3 Qxd3 22. Qxd5+ Be6 23. Qg2 fxg4 24. hxg4 Rad8 25. Rfd1 Qe2 26. d5 Qxg4 27. d6 Qh5 28. Rd4 Bd7 29. Rc1 Bc6 30. Rxc6 bxc6 31. d7 Re7 32. Qxc6 Qf5 33. Qc4+ Rf7 34. Rd5 Qe6 35. Qc7 Rfxd7 36. Qxd8+ Rxd8 37. Rxd8+ Kf7 38. Ra8 Qg4+ 39. Kh2 Qh5+ 40. Kg1 Qd1+ 41. Kh2 Qd6+ 42. Kg1 a6 43. Ra7+ Ke6 44. Rxh7 Qd1+ 45. Kh2 Qd5 46. b3 Qe5+ 47. Kg2 Qb2 48. Rh4 Qxa2 49. Re4+ Kf5 50. Rf4+ Ke5 51. b4 Qd5+ 52. Kh2 Qd1 53. Rc4 Qb3 54. Rg4 Kf5 55. Kg3 Qd1 56. Rg5+ Ke4 57. Rg4+ Kf5 58. Rd4 Qh1 59. Rf4+ Ke5 60. Bd4+ Kd5 61. Be3 Ke5 62. Rh4 Qg1+ 63. Kf3 Qd1+ 64. Kg2 Qd5+ 65. f3 Qd3 66. Re4+ Qxe4 67. fxe4 Kxe4 68. Bb6 Kf4 69. Bc7+ Kg4 70. Kf2 Kf5 71. Ke3 Ke6 72. Kf4 Kf6 73. Bd8+ Ke6 74. Kg5 Kf7 75. Ba5 Kg7 76. Bb6 Kf7 77. Bc7 Kg7 78. Kf4 Kf6 79. Ke4 Ke6 80. Kd4 Kd7 81. Bf4 Kc6 82. Kc4 Kb6 83. Bg5 Kc6 84. Be3 Kd6 85. Kb3 Kc6 86. Ka4 Kd5 1-0

[Event "10th Iberoamericano-ch 2024"]
[Site "Linares"]
[Date "2024.09.27"]
[Round "4.26"]
[White "Prado Acebo, Ines"]
[Black "Prado Lobo, Jonas"]
[Result "1/2-1/2"]
[ECO "C02"]
[WhiteElo "2189"]
[BlackElo "2385"]
[Annotator "RC"]
[PlyCount "76"]
[EventDate "2024.09.25"]
[EventType "swiss"]
[EventCountry "ESP"]
[SourceTitle "playchess.com"]
[Source "ChessBase"]
[SourceQuality "1"]
[TimeControl "5400+30"]

1. e4 e6 2. d4 d5 3. e5 c5 4. c3 Nc6 5. Nf3 Bd7 6. Be2 Nge7 7. O-O Nf5 8. dxc5 a5 9. Bd3 Bxc5 10. Bxf5 exf5 11. Qxd5 Qb6 12. Ng5 Nd8 13. Nd2 h6 14. Ngf3 Be6 15. Qd3 Nc6 16. Nb3 Rd8 17. Qc2 Bc4 18. Nxc5 Bxf1 19. Be3 f4 20. Bxf4 Qxc5 21. Rxf1 O-O 22. a3 Qc4 23. Qf5 Ne7 24. Qg4 Ng6 25. Nd4 Rfe8 26. Qg3 b5 27. h4 b4 28. axb4 axb4 29. Bxh6 Rxe5 30. f4 Rxd4 31. cxd4 Qxd4+ 32. Kh2 Re3 33. Qg4 Qc4 34. Rf2 gxh6 35. h5 Re6 36. hxg6 Rxg6 37. Qf3 Qc5 38. Re2 Qd6 1/2-1/2

[Event "10th Iberoamericano-ch 2024"]
[Site "Linares"]
[Date "2024.09.27"]
[Round "4.27"]
[White "Vega Gutierrez, Sabrina"]
[Black "Vehi Bach, Victor Manuel"]
[Result "1-0"]
[ECO "B41"]
[WhiteElo "2374"]
[BlackElo "2191"]
[Annotator "RC"]
[PlyCount "63"]
[EventDate "2024.09.25"]
[EventType "swiss"]
[EventCountry "ESP"]
[SourceTitle "playchess.com"]
[Source "ChessBase"]
[SourceQuality "1"]
[TimeControl "5400+30"]

1. e4 c5 2. Nf3 e6 3. d4 cxd4 4. Nxd4 a6 5. Qf3 Nf6 6. Nc3 d6 7. g4 Qc7 8. Bg2 Nfd7 9. Qg3 Be7 10. g5 Ne5 11. f4 Nec6 12. Nde2 b5 13. O-O b4 14. Nd5 exd5 15. exd5 Bf5 16. dxc6 Nxc6 17. Qf3 Rc8 18. Qxc6+ Qxc6 19. Bxc6+ Rxc6 20. Nd4 Rc5 21. a3 bxa3 22. b4 Rd5 23. Be3 O-O 24. c4 Rxd4 25. Bxd4 Rc8 26. Rfc1 Bd3 27. c5 dxc5 28. Rxa3 Bb5 29. bxc5 f6 30. gxf6 gxf6 31. Kf2 Kf7 32. Rh3 1-0

[Event "10th Iberoamericano-ch 2024"]
[Site "Linares"]
[Date "2024.09.27"]
[Round "4.28"]
[White "Castillo Beitia, Ashley Alexandra"]
[Black "Panelo, Marcelo"]
[Result "0-1"]
[ECO "A45"]
[WhiteElo "2071"]
[BlackElo "2364"]
[Annotator "RC"]
[PlyCount "122"]
[EventDate "2024.09.25"]
[EventType "swiss"]
[EventCountry "ESP"]
[SourceTitle "playchess.com"]
[Source "ChessBase"]
[SourceQuality "1"]
[TimeControl "5400+30"]

1. d4 Nf6 2. Bf4 b6 3. e3 Bb7 4. Nf3 g6 5. Nbd2 Bg7 6. Be2 d6 7. h3 O-O 8. O-O Nbd7 9. c3 c5 10. Re1 Re8 11. Bh2 a6 12. a4 Ne4 13. Nxe4 Bxe4 14. Ng5 Bb7 15. Bf3 Qc8 16. Bxb7 Qxb7 17. Qf3 Qxf3 18. Nxf3 Rec8 19. Kf1 Ra7 20. Ra2 Rb7 21. Re2 b5 22. axb5 axb5 23. Ne1 b4 24. Nd3 bxc3 25. bxc3 Rb3 26. Nf4 Rxc3 27. Nd5 Rc1+ 28. Re1 Rxe1+ 29. Kxe1 Bf8 30. Ra7 Rd8 31. Bxd6 exd6 32. Rxd7 Ra8 33. Nf6+ Kg7 34. Ne4 cxd4 35. Nxd6 d3 36. Kd2 Ra2+ 37. Kxd3 Bxd6 38. Rxd6 Rxf2 39. g4 Rh2 40. Ke4 Rxh3 41. g5 Rh4+ 42. Kf3 Rh1 43. e4 Rg1 44. Kf4 h6 45. gxh6+ Kxh6 46. Rd8 g5+ 47. Kf5 Rf1+ 48. Ke5 g4 49. Rg8 Kh5 50. Rh8+ Kg5 51. Kd4 Kf4 52. Kd3 Kf3 53. Rf8 Rd1+ 54. Kc4 Kxe4 55. Rxf7 Rc1+ 56. Kb3 g3 57. Rg7 Kf3 58. Kb2 Rc4 59. Kb3 Rg4 60. Rf7+ Rf4 61. Rg7 g2 0-1

[Event "10th Iberoamericano-ch 2024"]
[Site "Linares"]
[Date "2024.09.27"]
[Round "4.29"]
[White "Mayorga Araya, Sofia"]
[Black "Sos Andreu, Eric"]
[Result "0-1"]
[ECO "B15"]
[WhiteElo "2059"]
[BlackElo "2359"]
[Annotator "RC"]
[PlyCount "62"]
[EventDate "2024.09.25"]
[EventType "swiss"]
[EventCountry "ESP"]
[SourceTitle "playchess.com"]
[Source "ChessBase"]
[SourceQuality "1"]
[TimeControl "5400+30"]

1. e4 c6 2. d4 d5 3. Nd2 dxe4 4. Nxe4 Nf6 5. Nxf6+ exf6 6. c3 Bd6 7. Bd3 O-O 8. Qc2 Re8+ 9. Ne2 h5 10. Be3 Nd7 11. O-O-O Nf8 12. c4 Be6 13. Nc3 Rc8 14. Kb1 Ng6 15. h3 h4 16. g3 hxg3 17. fxg3 Qa5 18. Bd2 Qc7 19. h4 Bxg3 20. h5 Nf4 21. Bh7+ Kh8 22. Rdg1 Nh3 23. Rg2 Ng5 24. Bxg5 fxg5 25. Ne4 Bf4 26. Nxg5 Bxg5 27. Rxg5 Qf4 28. Rhg1 Qxd4 29. Be4 Bxc4 30. R5g4 Rxe4 31. Rd1 Bd3 0-1

[Event "10th Iberoamericano-ch 2024"]
[Site "Linares"]
[Date "2024.09.27"]
[Round "4.30"]
[White "Marin Ferragut, Pau"]
[Black "Rodriguez Redondo, Adhara"]
[Result "1/2-1/2"]
[ECO "A14"]
[WhiteElo "2348"]
[BlackElo "2184"]
[Annotator "RC"]
[PlyCount "88"]
[EventDate "2024.09.25"]
[EventType "swiss"]
[EventCountry "ESP"]
[SourceTitle "playchess.com"]
[Source "ChessBase"]
[SourceQuality "1"]
[TimeControl "5400+30"]

1. c4 e6 2. Nf3 d5 3. g3 Nf6 4. Bg2 Be7 5. O-O O-O 6. d3 c5 7. cxd5 exd5 8. d4 Nc6 9. Nc3 Be6 10. dxc5 Bxc5 11. Na4 Be7 12. Be3 b6 13. Nd4 Nxd4 14. Bxd4 Rc8 15. Nc3 Qd7 16. a4 Rfd8 17. Qd3 Bf5 18. Qb5 Ne4 19. Rfd1 Qe6 20. a5 Bc5 21. axb6 axb6 22. Nxe4 Bxe4 23. Bxe4 Qxe4 24. e3 Qe8 25. Qxe8+ Rxe8 26. Bxc5 Rxc5 27. Ra7 g6 28. Rd7 Rb5 29. Rd2 Re5 30. Kf1 Kf8 31. h3 Ke8 32. Rb7 Re4 33. Ke1 Reb4 34. Rc2 Rc4 35. Kd2 Kf8 36. Kc1 Kg7 37. Kb1 Kf6 38. Rd2 Rcb4 39. Rc7 Ke6 40. Rdc2 Kf6 41. Rd7 Ke6 42. Rdc7 Kf6 43. Rb7 Rc4 44. Rc7 Ke5 1/2-1/2